[Event "33rd ECCC Open 2017"]
[Site "Antalya"]
[Date "2017.10.11"]
[Round "4"]
[White "Vogel, Constantin"]
[Black "Fox, Anthony"]
[Result "1/2-1/2"]
[ECO "A14"]
[WhiteElo "1963"]
[BlackElo "2016"]
[Annotator "NA"]
[PlyCount "146"]
[EventType "team-tourn"]
[EventCountry "TUR"]
[SourceTitle "playchess.com"]
[Source "ChessBase"]
[SourceQuality "1"]
[WhiteTeam "Benildus"]
[BlackTeam "Adare"]
[TimeControl "40/5400+30:1800+30"]

1. c4 e6 2. g3 d5 3. Bg2 Nf6 4. Nf3 Be7 5. O-O O-O 6. b3 c5 7. e3 Nc6 8. Bb2 d4 9. exd4 cxd4 10. Re1 Ne8 11. d3 f6 {[%emt 0:00:30] A14: English Opening: 1...e6 with b3 by White} 12. Nbd2 e5 13. a3 (13. Ne4 Nc7 14. c5 Be6 15. Nfd2 Bd5 16. Nc4 Ne6 17. Ba3 b5 18. Ncd6 Bxd6 19. cxd6 {0-1 (67) Caruana,F (2795)-Nakamura,H (2787) Saint Louis 2016}) 13... a5 14. Nh4 g5 15. Bd5+ Kg7 16. Ng2 Nc7 17. Be4 h6 $146 ({Predecessor:} 17... Ne6 18. Qh5 Rh8 19. f4 Nc5 20. fxg5 Nxe4 {1-0 (28) Vishnu,P (2340)-Padurariu,I (2164) Vlissingen 2011}) 18. f4 Bd6 19. Bf3 Rb8 20. Ne4 Be7 21. Nf2 Bd6 22. h4 Ne6 23. Bc1 exf4 24. gxf4 Nxf4 25. Bxf4 gxf4 26. Be4 f5 27. Bd5 f3 28. Qxf3 Ne5 29. Qh5 Ng6 30. Ra2 Bd7 31. Rae2 Rf6 32. Nh3 Qf8 33. Qf3 b5 34. h5 Ne7 35. Ngf4 Nxd5 36. cxd5 Bxa3 37. Ng6 Rxg6+ 38. hxg6 Re8 39. Rxe8 Bxe8 40. Nf4 Bd7 41. Re6 Kg8 42. g7 Qd8 43. Rg6 Qh4 44. Ng2 Qe7 45. Rxh6 Qg5 46. Qh3 Qc1+ 47. Kh2 Qc7+ 48. Qg3 Qxg3+ 49. Kxg3 Kxg7 50. Ra6 Kf7 51. Rxa5 Bd6+ 52. Kf3 Kf6 53. Nf4 (53. Ra8 $142) 53... Ke5 $2 (53... Be8 54. Ra6 Ke5) 54. Ra7 Be8 55. Rh7 Ba3 (55... Bc5 {keeps fighting.} 56. Rh8 Bf7) 56. Ne6 Bg6 57. Rb7 Bh5+ 58. Kg3 Bd6 (58... Kxd5 $16 {might work better.} 59. Rb6 Bd6+ 60. Nf4+ Bxf4+ 61. Kxf4 Kc5) 59. Rxb5 f4+ 60. Kf2 Bg6 (60... Be8 {keeps fighting.} 61. Ra5 Bb4) 61. Rb6 $2 (61. Ng5 $18 {and the rest is easy.}) 61... Bxd3 62. Nxf4 Be4 {[%emt 0:00:21] [#]} 63. Ke2 $1 Bc5 (63... Ba3 $16) 64. Rb5 Be7 65. Nd3+ Kd6 $1 $11 66. Nb4 Bg5 67. Nd3 $2 (67. Rb6+ $18 Kc5 68. Re6) 67... Be3 $2 68. Nb2 Bxd5 69. Nc4+ Kc6 70. Rb6+ $2 (70. Ra5 $18) 70... Kc5 71. Nxe3 Kxb6 72. Nxd5+ Kc5 $11 73. Nf4 Kb4 $11 1/2-1/2

[Event "33rd ECCC Open 2017"]
[Site "Antalya"]
[Date "2017.10.11"]
[Round "4"]
[White "Ingason, Sigurdur"]
[Black "Laakso, Harri"]
[Result "1/2-1/2"]
[ECO "E73"]
[WhiteElo "1809"]
[BlackElo "2157"]
[Annotator "NA"]
[PlyCount "60"]
[EventType "team-tourn"]
[EventCountry "TUR"]
[SourceTitle "playchess.com"]
[Source "ChessBase"]
[SourceQuality "1"]
[WhiteTeam "Viking"]
[BlackTeam "Etela-Vantaan"]
[TimeControl "40/5400+30:1800+30"]

1. d4 Nf6 2. c4 g6 3. Nc3 Bg7 4. e4 d6 5. Be2 O-O 6. Bg5 h6 7. Be3 e5 8. d5 Na6 9. Qd2 Kh7 10. h3 {[%emt 0:13:30] E73: King's Indian: Averbakh Variation without 6...c5} (10. f3 Bd7 11. g4 Nc5 12. h4 h5 13. Bg5 Qe8 14. O-O-O Rh8 15. Rf1 Kg8 16. Bxf6 Bxf6 17. gxh5 Rxh5 18. f4 Rxh4 19. Rxh4 Bxh4 20. Nf3 Bg3 21. fxe5 dxe5 {½-½ (21) Chatalbashev,B (2550)-Lie,E (2429) Kragero 2017}) 10... Nc5 11. Qc2 a5 12. Nf3 Nh5 13. Qd2 $146 ({Predecessor:} 13. g3 b6 14. O-O-O f5 15. Nh4 f4 16. Bxh5 gxh5 17. Bxc5 bxc5 {0-1 (56) Coto Aller,M-Gonzalez Vazquez,F Asturias 1993}) 13... Qe7 14. g4 Nf4 15. Bxf4 (15. Bxc5 $11 {remains equal.} dxc5 16. O-O-O) 15... exf4 16. Qxf4 Bxc3+ 17. bxc3 Qxe4 18. Qxe4 Nxe4 19. Rc1 Kg7 20. Nd2 $15 Re8 21. Nxe4 Rxe4 22. Kd2 Bd7 23. Rce1 Rae8 24. Rhg1 b6 25. Rg3 Bc8 26. Re3 f5 27. Bf3 Rxe3 28. fxe3 Kf6 29. Rg1 Re7 30. Rg2 Bd7 1/2-1/2

[Event "33rd ECCC Open 2017"]
[Site "Antalya"]
[Date "2017.10.11"]
[Round "4"]
[White "Aslan, Lina"]
[Black "Delaney, Killian"]
[Result "1-0"]
[ECO "B17"]
[WhiteElo "1535"]
[BlackElo "2202"]
[Annotator "NA"]
[PlyCount "55"]
[EventType "team-tourn"]
[EventCountry "TUR"]
[SourceTitle "playchess.com"]
[Source "ChessBase"]
[SourceQuality "1"]
[WhiteTeam "Hatay"]
[BlackTeam "Gonzaga"]
[TimeControl "40/5400+30:1800+30"]

1. e4 c6 2. d4 d5 3. Nc3 dxe4 4. Nxe4 Nd7 5. Nf3 Ngf6 6. Nxf6+ Nxf6 7. Bd3 Bg4 8. c3 e6 9. O-O Bd6 {[%emt 0:00:30] B17: Caro-Kann-Verteidigung} 10. h3 Bh5 11. Bg5 (11. Re1 O-O 12. Bg5 {1-0 (32) Kryvoruchko,Y (2640)-Berczes,D (2535) Cappelle-la-Grande 2011}) 11... Qc7 12. Qe2 Bf4 13. Bxf4 Qxf4 14. Qe5 Qxe5 $146 15. Nxe5 Nd5 16. Rfe1 Bg6 17. Rad1 Bxd3 18. Rxd3 Rd8 19. a3 f6 20. Nc4 Kf7 21. Na5 Rd7 22. c4 $15 Nf4 23. Rdd1 Rhd8 24. Nb3 e5 25. Nc5 Rxd4 26. Rxd4 Rxd4 27. Nxb7 Rxc4 28. Nd6+ 1-0

[Event "33rd ECCC Open 2017"]
[Site "Antalya"]
[Date "2017.10.11"]
[Round "4"]
[White "Bereketoglu, Yagmur"]
[Black "O`Connor, Eddie"]
[Result "0-1"]
[ECO "C02"]
[WhiteElo "1333"]
[BlackElo "2023"]
[Annotator "NA"]
[PlyCount "68"]
[EventType "team-tourn"]
[EventCountry "TUR"]
[SourceTitle "playchess.com"]
[Source "ChessBase"]
[SourceQuality "1"]
[WhiteTeam "Hatay"]
[BlackTeam "Gonzaga"]
[TimeControl "40/5400+30:1800+30"]

1. e4 e6 2. d4 d5 3. e5 c5 4. c3 Nc6 5. Nf3 Bd7 6. a3 f6 7. g3 fxe5 8. dxe5 Nge7 9. Bf4 Ng6 10. Qd2 Be7 11. Bd3 Qb6 $15 (11... Nxf4 $19 12. gxf4 c4) 12. Bxg6+ hxg6 13. Qc2 O-O-O 14. O-O Be8 15. b4 Kb8 16. Nh4 g5 17. Bxg5 Bxg5 18. Nf3 Be7 19. Nbd2 c4 20. a4 Qc7 21. b5 Nxe5 22. Nxe5 Qxe5 23. Rfe1 Qh5 24. Nf1 Bg6 25. Qb2 Be4 26. Rxe4 dxe4 27. a5 Bc5 28. Re1 Rdf8 29. Re2 Rf3 30. a6 b6 31. Kh1 Rhf8 32. Qc2 Rxf2 33. Rxf2 Rxf2 34. Qxe4 Rxf1+ 0-1